 Dungeon Crawl Stone Soup version 0.19.5 (webtiles) character file.

109 strmesko the Magician (level 4, 0/25 HPs)
             Began as a Deep Elf Wizard on Mar 19, 2017.
             Slain by an orc
             ... wielding a +1 flail of protection
              (7 damage)
             ... on level 2 of the Dungeon.
             The game lasted 00:18:01 (2152 turns).

strmesko the Magician (Deep Elf Wizard)             Turns: 2152, Time: 00:18:02

Health: 0/25       AC:  2    Str:  4    XL:     4   Next: 60%
Magic:  11/14      EV: 13    Int: 24    God:
Gold:   112        SH:  0    Dex: 13    Spells: 5 memorised, 4 levels left

rFire  . . .     SeeInvis .     f - +0 dagger
rCold  . . .     Gourm    .     a - +0 robe
rNeg   . . .     Faith    .     (no shield)
rPois  .         Spirit   .     b - +0 hat
rElec  .         Reflect  .     (no cloak)
rCorr  .         Harm     .     (no gloves)
MR     .....                    (no boots)
Stlth  ++........               (no amulet)
                                (no ring)
                                (no ring)

@: no status effects
A: no striking features
a: no special abilities


You were on level 2 of the Dungeon.
You were hungry.

You visited 1 branch of the dungeon, and saw 3 of its levels.

You collected 112 gold pieces.

Inventory:

Hand Weapons
 f - a +0 dagger (weapon)
Armour
 a - a +0 robe (worn)
 b - a +0 hat (worn)
Scrolls
 h - 2 scrolls of enchant armour {unknown}
 i - 4 scrolls of identify {unknown}
 m - a scroll of magic mapping {unknown}
 n - a scroll of teleportation {unknown}
 o - 3 scrolls of recharging {unknown}
 p - a scroll of remove curse {unknown}
Potions
 e - 3 potions of ambrosia {unknown}
 g - 2 potions of magic {unknown}
 j - 2 potions of might {unknown}
 k - a potion of cure mutation {unknown}
Books
 c - a book of Minor Magic

   Spells                             Type                      Level
   a - Magic Dart                     Conjuration                  1
   b - Blink                          Translocation                2
   c - Call Imp                       Summoning                    2
   d - Repel Missiles                 Charms/Air                   2
   e - Slow                           Hexes                        2
   f - Conjure Flame                  Conjuration/Fire             3
   g - Mephitic Cloud                 Conjuration/Poison/Air       3
Comestibles
 d - a bread ration
 l - 2 beef jerkies
 q - a meat ration


   Skills:
 * Level 1.1 Fighting
 * Level 3.3 Dodging
 - Level 2.4 Stealth
 + Level 6.1 Spellcasting
 + Level 2.1 Conjurations
   Level 1.1 Summonings
 - Level 1.1 Translocations


You had 4 spell levels left.
You knew the following spells:

 Your Spells              Type           Power        Failure   Level  Hunger
a - Magic Dart            Conj           ###.         3%          1    None
b - Blink                 Tloc           N/A          10%         2    None
c - Repel Missiles        Chrm/Air       #.....       12%         2    None
d - Conjure Flame         Conj/Fire      ##......     17%         3    #......
e - Mephitic Cloud        Conj/Pois/Air  ##......     21%         3    #......


Dungeon Overview and Level Annotations

Branches:
Dungeon (3/15)

Altars:


Message History

Confirm with . or Enter, or press ? or * to list all spells.
Okay, then.
You start resting.
You are feeling hungry.
Your magical contamination has completely faded away.
There is a stone staircase leading down here.
You start resting.
Magic restored.
You climb downwards.
There is a stone staircase leading up here.
Casting: Mephitic Cloud
Confirm with . or Enter, or press ? or * to list all spells.
You blink.
The orc hits you with a flail of protection!
* * * LOW HITPOINT WARNING * * *
Casting: Blink
Confirm with . or Enter, or press ? or * to list all spells.
You blink.
The orc hits you with a flail of protection!
You die...

### ### #######.#
#<#
#.......#########.#
#.#####.#.@.......#
#)# #.#o#########
#.#####.#ยง#
#.....#.#.#
#####.#.#.# #.#.#.#
#.#.#.# #.#.#.#####
#.#.#)....#


You could see an orc.

Vanquished Creatures
  5 adders (D:2)
  A worm (D:2)
  3 dart slugs (D:1)
  An orc (D:2)
  6 bats
  3 giant cockroaches
  10 hobgoblins
  2 quokkas (D:2)
  2 ball pythons
  2 frilled lizards
  6 goblins
  6 kobolds
  8 rats
55 creatures vanquished.

Vanquished Creatures (others)
  5 toadstools (D:1)
5 creatures vanquished.

Grand Total: 60 creatures vanquished

Notes
Turn   | Place    | Note
-------+----------+-------------------------------------------
     0 | D:1      | strmesko the Deep Elf Wizard began the quest for the Orb.
     0 | D:1      | Reached XP level 1. HP: 10/10 MP: 7/7
   238 | D:1      | Reached XP level 2. HP: 10/15 MP: 5/9
   256 | D:1      | Reached skill level 5 in Spellcasting
   932 | D:1      | Reached XP level 3. HP: 20/20 MP: 8/11
  1330 | D:2      | Reached XP level 4. HP: 19/24 MP: 6/13
  1335 | D:2      | Learned a level 2 spell: Blink
  1472 | D:2      | Reached skill level 1 in Fighting
  1644 | D:2      | Reached skill level 6 in Spellcasting
  2024 | D:1      | Learned a level 2 spell: Repel Missiles
  2028 | D:1      | Learned a level 3 spell: Conjure Flame
  2032 | D:1      | Learned a level 3 spell: Mephitic Cloud
  2152 | D:2      | Slain by an orc

Skill      XL: |  1  2  3  4 |
---------------+-------------+-----
Spellcasting   | 5 6 |  6.1
Dodging        | 3 |  3.3
Fighting       | 1 |  1.1
Conjurations   | 2 |  2.1
Stealth        | |  2.4
Summonings     | |  1.1
Translocations | |  1.1

Action                   |  1- 3 |  4- 6 || total
-------------------------+-------+-------++-------
Melee: Unarmed           |    11 |       ||    11
       Dagger            |    11 |     2 ||    13
 Cast: Magic Dart        |    86 |    59 ||   145
       Blink             |       |     8 ||     8
 Stab: Sleeping          |     1 |     1 ||     2
  Eat: Chunk             |     1 |     2 ||     3
Armor: Robe              |     9 |     1 ||    10
Dodge: Dodged            |    47 |    12 ||    59
